 Dungeon Crawl Stone Soup version bcrawl-1.36.4 (webtiles) character file.

Game seed: 5165060287218407819

214443 Darthill6464 the Poker (level 8, 0/58 HPs)
             Began as a Merfolk Skald on Aug 10, 2022.
             Was a Priest of Lugonu.
             Slain by a bullfrog (2 damage)
             ... on level 5 of the Dungeon.
             The game lasted 00:09:35 (4563 turns).

Darthill6464 the Poker (Merfolk Skald)              Turns: 4563, Time: 00:09:35

Health: 0/58       AC:  3    Str: 13    XL:     8   Next: 5%
Magic:  8/13       EV: 17    Int: 12    God:    Lugonu [***...]
Gold:   164        SH: 10    Dex: 15    Spells: 5/14 levels left

rFire    . . .     SeeInvis .   a - +0 trident
rCold    . . .     Gourm    .   (no shield)
rNeg     . . .     Faith    .   b - +0 leather armour
rPois    +         Spirit   .   (no helmet)
rElec    .         Reflect  .   r - scarf {stasis}
rCorr    .                      (no gloves)
MR       .....                  (no boots)
Stlth    ++........             d - amulet of magic regeneration
HPRegen  0.19/turn              g - +4 ring of evasion
MPRegen  0.31/turn              l - ring of poison resistance

@: singing
A: change form in water, swift swim, stealthy swim
a: Depart the Abyss, Bend Space, Banish, Renounce Religion


You were on level 5 of the Dungeon.
You worshipped Lugonu.
Lugonu was most pleased with you.
You were hungry.

You visited 1 branch of the dungeon, and saw 5 of its levels.
You also visited: Sewer.

You collected 164 gold pieces.

Inventory:

Hand Weapons
 a - a +0 trident (weapon)
Missiles
 t - 79 poisoned tomahawks (quivered)
Armour
 b - a +0 leather armour (worn)
 r - a scarf of stasis (worn)
Jewellery
 d - an amulet of magic regeneration (around neck)
 g - a +4 ring of evasion (left hand)
 l - a ring of poison resistance (right hand)
Wands
 n - a wand of polymorph (14)
Scrolls
 f - 3 scrolls of fear
 i - 2 scrolls of identify
 j - a scroll of noise {unknown}
 k - 2 scrolls of fog {unknown}
 q - 2 scrolls of teleportation {unknown}
 s - a scroll of immolation {unknown}
 u - a scroll of amnesia {unknown}
 y - a scroll of enchant armour {unknown}
Potions
 c - a potion of brilliance {unknown}
 h - a potion of heal wounds {unknown}
 m - 2 potions of curing
 o - a potion of mutation {unknown}
 p - a potion of magic {unknown}
 v - a potion of lignification {unknown}
 x - a potion of agility {unknown}
Comestibles
 e - 4 rations {!d}


   Skills:
 + Level 3.2 Fighting
 + Level 6.5 Polearms
 + Level 1.2 Throwing
 + Level 2.2 Armour
 + Level 3.6 Dodging
 + Level 2.2 Stealth
 + Level 3.5 Spellcasting
 + Level 2.0 Hexes
 + Level 5.7 Charms
 + Level 0.2 Ice Magic
 + Level 0.2 Invocations


You had 5 spell levels left.
You knew the following spells:

 Your Spells              Type           Power        Failure   Level  Hunger
a - Infusion              Chrm           ###.....     2%          1    None
b - Song of Slaying       Chrm           ###.....     4%          2    None
c - Spectral Weapon       Hex/Chrm       ##......     19%         3    ####...
d - Ozocubu's Armour      Chrm/Ice       #.......     26%         3    ####...

Your spell library contained the following spells:

 Spells                   Type           Power        Failure   Level  Hunger
 Swiftness                Chrm/Air       #.......     14%         2    None
 Regeneration             Chrm/Necr      #.........   28%         3    ####...


Dungeon Overview and Level Annotations

Branches:
Dungeon (5/12)             Temple (0/1) D:4

Altars:
Dithmenos
Lugonu
Makhleb
Okawaru
Ru
Uskayaw
Yredelemnul
Beogh

Annotations:
D:4 3 runed translucent doors, spanik's ghost, amateur SDEE


Message History

Attack whom?
Press: ? - help, Dir - move target cursor, f - orc wizard
Aim: an orc wizard, wielding a +0 dagger and wearing a +0 robe (almost dead, fast)
You reach to attack!
You hit the orc wizard but do no damage.
Space warps horribly around the orc wizard!
You kill the orc wizard!
Lugonu accepts your kill. The jackal misses you.
Your Stealth skill increases to level 2!
You puncture the jackal!
You kill the jackal!
Lugonu accepts your kill.
You hear a grinding noise.
You hit the bullfrog.
Space bends around the bullfrog.
The bullfrog is lightly wounded.
You block the bullfrog's attack.
You hear a grinding noise.
The bullfrog hits you.
You die...

#..... #...?.
#..... #.....
#..... ####
#..... ..#
#....F###/##
#.....@.)..#
#.....###..###
####+####....#
#......#+######
#.#...........##
#.#......[.....#
. #.#...)).....#
##
#............#
###..........#


You could see a bullfrog.

Vanquished Creatures
  A sky beast (D:4)
  3 ogres (D:4)
  An orc priest (D:5)
  A crimson imp (D:4)
  A hound (D:3)
  A bullfrog skeleton (D:4)
  Jessica (D:2)
  An iguana (D:4)
  2 orc wizards (D:5)
  A worker ant (D:4)
  Ijyb (D:3)
  Natasha (thrice) (D:4)
  A worker ant zombie (D:5)
  4 adders (Sewer)
  An ooze (D:2)
  An adder skeleton (D:4)
  A worm (D:3)
  2 dart slugs
  9 leopard geckos
  11 orcs
  3 ball pythons
  8 giant cockroaches
  6 goblins
  14 hobgoblins
  3 jackals (D:5)
  A quokka (D:3)
  2 bats (D:1)
  4 frilled lizards
  20 kobolds
  A quokka skeleton (D:4)
  A quokka zombie (D:5)
  4 rats
114 creatures vanquished.

Vanquished Creatures (others)
  A spectral weapon (D:5)
1 creature vanquished.

Grand Total: 115 creatures vanquished

Notes
Turn   | Place    | Note
-------+----------+-------------------------------------------
     0 | D:1      | Darthill6464 the Merfolk Skald began the quest for the Orb.
     0 | D:1      | Reached XP level 1. HP: 16/16 MP: 3/3
   217 | D:1      | Reached XP level 2. HP: 21/22 MP: 0/5
   265 | D:1      | Learned a level 2 spell: Song of Slaying
   365 | D:1      | Reached XP level 3. HP: 14/28 MP: 4/6
   923 | D:2      | Found a corrupted altar of Lugonu.
   930 | D:2      | Became a worshipper of Lugonu the Unformed
   980 | D:2      | Noticed Jessica
  1000 | D:2      | Killed Jessica
  1001 | D:2      | Reached skill level 4 in Polearms
  1001 | D:2      | Reached XP level 4. HP: 19/34 MP: 5/7
  1016 | D:2      | Reached skill level 1 in Armour
  1073 | D:2      | Learned a level 3 spell: Spectral Weapon
  1246 | D:2      | Found a sacrificial altar of Ru.
  1335 | D:2      | Found a burning altar of Makhleb.
  1414 | D:2      | Found a shadowy altar of Dithmenos.
  1845 | D:3      | Noticed Ijyb
  1881 | D:3      | Killed Ijyb
  1882 | D:3      | Reached XP level 5. HP: 23/39 MP: 8/8
  1986 | D:3      | Found a burning altar of Makhleb.
  2116 | D:3      | Found a glowing drain.
  2135 | D:3      | Reached ** piety under Lugonu
  2150 | Sewer    | Entered a sewer
  2807 | D:3      | Reached XP level 6. HP: 30/46 MP: 7/10
  3249 | D:3      | Found a hide-covered altar of Uskayaw.
  3346 | D:4      | Found a basalt altar of Yredelemnul.
  3356 | D:4      | Learned a level 3 spell: Ozocubu's Armour
  3405 | D:4      | Noticed a sky beast
  3411 | D:4      | Reached skill level 5 in Polearms
  3411 | D:4      | Reached skill level 1 in Stealth
  3473 | D:4      | Killed a sky beast
  3474 | D:4      | Reached skill level 1 in Throwing
  3650 | D:4      | Noticed Natasha
  3676 | D:4      | Killed Natasha
  3677 | D:4      | Reached skill level 6 in Polearms
  3677 | D:4      | Reached XP level 7. HP: 37/52 MP: 3/11
  3679 | D:4      | Noticed Natasha
  3686 | D:4      | Killed Natasha
  3795 | D:4      | Noticed Natasha
  3802 | D:4      | Killed Natasha
  3803 | D:4      | Reached skill level 5 in Charms
  3854 | D:4      | Reached skill level 1 in Hexes
  3937 | D:4      | Found an iron altar of Okawaru.
  3983 | D:4      | Found a runed translucent gate.
  3983 | D:4      | Found a runed translucent gate.
  3983 | D:4      | Noticed spanik's ghost (amateur SDEE)
  3984 | D:4      | Found a runed translucent gate.
  3986 | D:4      | Found a roughly hewn altar of Beogh.
  4173 | D:4      | Found a staircase to the Ecumenical Temple.
  4207 | D:4      | Reached *** piety under Lugonu
  4506 | D:5      | Entered Level 5 of the Dungeon
  4533 | D:5      | Reached XP level 8. HP: 34/58 MP: 9/13
  4559 | D:5      | HP: 1/58 [something (2)]
  4563 | D:5      | Slain by a bullfrog

Skill      XL: |  1  2  3  4  5  6  7  8 |
---------------+-------------------------+-----
Charms         | 4 5 |  5.7
Polearms       | 4 6 |  6.5
Armour         | 1 2 |  2.2
Dodging        | 3 |  3.6
Fighting       | 3 |  3.2
Stealth        | 1 2 |  2.2
Throwing       | 1 |  1.2
Spellcasting   | 3 |  3.5
Hexes          | 2 |  2.0
Ice Magic      | |  0.2
Invocations    | |  0.2

Action                   |  1- 3 |  4- 6 |  7- 9 || total
-------------------------+-------+-------+-------++-------
Melee: Trident           |    80 |   201 |    55 ||   336
Throw: Tomahawk          |       |    15 |     2 ||    17
 Cast: Infusion          |    13 |    15 |     2 ||    30
       Song of Slaying   |     8 |    20 |     4 ||    32
       Spectral Weapon   |       |     2 |     8 ||    10
       Ozocubu's Armour  |       |       |     2 ||     2
Invok: Bend Space        |       |     1 |       ||     1
 Stab: Distracted        |       |     1 |       ||     1
  Eat: Chunk             |     3 |     6 |     5 ||    14
       Ration            |       |     3 |       ||     3
Armor: Leather armour    |     4 |    17 |     6 ||    27
       Skin              |       |    11 |       ||    11
Dodge: Dodged            |    36 |   117 |    23 ||   176
Block: Other             |     6 |    26 |     6 ||    38
